 Dungeon Crawl Stone Soup version 0.19.1 (webtiles) character file.

2223 Firecrotchwizard the Skirmisher (level 9, 0/57 HPs)
             Began as an Octopode Gladiator on Dec 19, 2016.
             Was a Believer of Hepliaklqana.
             Slain by a killer bee (4 damage)
             ... on level 6 of the Dungeon.
             The game lasted 00:17:37 (6259 turns).

Firecrotchwizard the Skirmisher (OpGl)              Turns: 6259, Time: 00:17:37

Health: 0/57       AC:  2    Str: 20    XL:     9   Next: 35%
Magic:  11/11      EV: 16    Int:  6    God:    Hepliaklqana [**....]
Gold:   245        SH:  3    Dex: 13    Spells: 0 memorised, 8 levels left

rFire  x . .     SeeInvis .     c - +2 lajatang of Obsession {vamp, +Blink rElec Str+4 Int-5}
rCold  + + .     Gourm    .     (shield currently unavailable)
rNeg   . . .     Faith    .     b - +1 hat
rPois  .         Spirit   .     l - +3 amulet of reflection
rElec  +         Reflect  +     v - ring of ice
rCorr  .         Harm     .     G - ring of protection from cold
MR     .....                    (no ring)
Stlth  ++........               (no ring)
                                (no ring)
                                (no ring)
                                (no ring)
                                (no ring)

@: lethally poisoned (0 -> -42)
A: almost no armour, stealthy swim, amphibious, 8 rings, constrict 8, reduced
essence, camouflage 1, gelatinous body 1
a: Recall Ancestor, Ancestor Identity, Renounce Religion, Evoke Blink


You were on level 6 of the Dungeon.
You worshipped Hepliaklqana.
Hepliaklqana was pleased with you.
You were hungry.

You visited 1 branch of the dungeon, and saw 6 of its levels.

You collected 245 gold pieces.

Inventory:

Hand Weapons
 a - a +1 trident
 c - the +2 lajatang of Obsession (weapon) {vamp, +Blink rElec Str+4 Int-5}
   (You found it on level 4 of the Dungeon)

   It inflicts no extra harm, but heals its wielder when it wounds a living foe.
   It affects your strength (+4).
   It affects your intelligence (-5).
   It insulates you from electricity.
   It lets you blink.
 A - the +1 mace of Tinwenir {holy, Str+3, unknown}
   (You found it on level 5 of the Dungeon)

   It has been blessed by the Shining One to cause great damage to the undead
   and demons.
   It affects your strength (+3).
Missiles
 C - a throwing net (quivered)
Armour
 b - a +1 hat (worn)
Jewellery
 l - a +3 amulet of reflection (around mantle)
 v - a ring of ice (left tentacle)
 w - an uncursed ring of ice
 G - a ring of protection from cold (right tentacle)
Wands
 i - a wand of flame (37/48)
 r - a wand of acid (2/15)
 t - a wand of digging (24/24)
 B - a wand of iceblast (8/15)
Scrolls
 e - 4 scrolls of identify
 f - 5 scrolls of teleportation
 h - 6 scrolls of amnesia
 j - 2 scrolls of remove curse
 m - 2 scrolls of enchant weapon
 o - a scroll of fear
 p - a scroll of magic mapping
Potions
 k - a potion of magic {unknown}
 n - a potion of might
 s - a potion of ambrosia {unknown}
 u - 2 potions of lignification {unknown}
 x - 2 potions of curing
 H - a potion of flight {unknown}
Comestibles
 d - 5 bread rations
 F - 2 meat rations


   Skills:
 * Level 7.0 Fighting
 - Level 4.6(5.8) Polearms
 * Level 5.4(6.2) Staves
 + Level 5.0 Throwing
 + Level 5.5 Dodging
 + Level 3.8 Evocations


You had 8 spell levels left.
You didn't know any spells.

Dungeon Overview and Level Annotations

Branches:
Dungeon (6/15)
 Temple: D:4-7

Altars:
Elyvilon
Hepliaklqana
Qazlal
Ru

Annotations:
D:3 Illmatic's ghost, amateur DgFi


Innate Abilities, Weirdness & Mutations

You cannot wear most types of armour.
You are very stealthy in the water. (Stealth+)
You are amphibious.
You can wear up to eight rings at the same time.
You can use your tentacles to constrict eight enemies at once.
Your skin changes colour to match your surroundings (Stealth+).
Your rubbery body absorbs attacks. (AC +1, EV +1)
Your life essence is reduced. (-10% HP)


Message History

You are more poisoned.
The killer bee poisons you! You block the killer bee's attack.
The killer bee closely misses you. The killer bee stings you.
The killer bee closely misses you.
TacoBell closely misses the killer bee.
You barely miss the killer bee. You grab the killer bee.
You constrict the killer bee.
You feel sick. The killer bee stings you.
You are lethally poisoned!
The killer bee poisons you! The killer bee stings you!
* * * LOW HITPOINT WARNING * * *
You are more poisoned.
The killer bee poisons you! The killer bee stings you!
* * * LOW HITPOINT WARNING * * *
The killer bee completely misses you. The killer bee stings you.
* * * LOW HITPOINT WARNING * * *
You are more poisoned.
The killer bee poisons you! The killer bee closely misses you.
You block the killer bee's attack.
TacoBell hits the killer bee with a dagger of draining.
TacoBell drains the killer bee!
The killer bee stings you.
You die...

#.........#*,,,,,,,,,,*
#.........##,,,,,**,,,*
#..........#,,,,,**,,,*
#..........#,,,,,**,,,*
#..........#*,*,,,,,,,,
##.....#.[.##.#,,,,,,,*
#.............#,,,,,,,,
#....yR.........,,,,,,*
#....y@........#,,,,,,*
#....yyy......>#,,,,,,*
#..............#,,,,,,*
#....#######...#**,,,,,
#....* *...# *,****
#....* *,..* *,* #....*
*,,,* *,* #..$,* *,,,*
*,* ****** *,,,* *,****


You could see the friendly TacoBell the hexer and 5 killer bees.

Vanquished Creatures
  4 yaks (D:6)
  A sky beast (D:5)
  2 ice beasts (D:5)
  2 ogres (D:5)
  2 bullfrogs (D:6)
  A scorpion (D:5)
  Ijyb (D:2)
  7 worker ants
  2 iguanas (D:5)
  3 orc wizards (D:4)
  9 gnolls
  8 adders
  A shadow imp (D:6)
  3 oozes (D:2)
  2 adder skeletons
  2 worms
  2 dart slugs
  2 leopard geckos
  11 orcs
  2 ball pythons
  6 bats
  4 giant cockroaches
  7 goblins
  6 hobgoblins
  A jackal (D:2)
  7 kobolds
  3 quokkas
  4 frilled lizards
  A jackal skeleton (D:4)
  A leopard gecko skeleton (D:4)
  3 rats
110 creatures vanquished.

Vanquished Creatures (collateral kills)
  A yak (D:6)
  2 sky beasts
  A bullfrog (D:6)
  A centaur skeleton (D:4)
  A gnoll (D:6)
  2 orcs (D:4)
  A goblin (D:3)
9 creatures vanquished.

Vanquished Creatures (others)
  2 ancestors (D:3)
2 creatures vanquished.

Grand Total: 121 creatures vanquished

Notes
Turn   | Place    | Note
-------+----------+-------------------------------------------
     0 | D:1      | Firecrotchwizard the Octopode Gladiator began the quest for the Orb.
     0 | D:1      | Reached XP level 1. HP: 14/14 MP: 1/1
   265 | D:1      | Reached XP level 2. HP: 20/20 MP: 2/2
   656 | D:2      | Reached XP level 3. HP: 18/25 MP: 3/3
  1187 | D:2      | Reached skill level 3 in Fighting
  1203 | D:2      | HP: 1/26 [poisoned by an adder]
  1389 | D:2      | Reached XP level 4. HP: 31/31 MP: 4/4
  1896 | D:2      | Noticed Ijyb
  1906 | D:2      | Killed Ijyb
  2029 | D:2      | Reached XP level 5. HP: 36/36 MP: 5/5
  2608 | D:3      | Found a hazy altar of Hepliaklqana.
  2616 | D:3      | Became a worshipper of Hepliaklqana the Forgotten
  2975 | D:3      | Noticed Illmatic's ghost (amateur DgFi)
  3020 | D:4      | Reached XP level 6. HP: 17/38 MP: 6/6
  3024 | D:4      | Reached skill level 4 in Fighting
  3422 | D:4      | Got a brightly glowing lajatang
  3429 | D:4      | Identified the +2 lajatang of Obsession {vamp, +Blink rElec Str+4 Int-5} (You found it on level 4 of the Dungeon)
  3643 | D:4      | Reached skill level 1 in Staves
  4041 | D:4      | Found a sacrificial altar of Ru.
  4150 | D:4      | Found a stormy altar of Qazlal.
  4329 | D:5      | Entered Level 5 of the Dungeon
  4338 | D:5      | Noticed an ice beast
  4416 | D:5      | Noticed a sky beast
  4420 | D:5      | Found a white marble altar of Elyvilon.
  4420 | D:5      | Reached * piety under Hepliaklqana
  4426 | D:5      | Killed a sky beast
  4426 | D:5      | Reached XP level 7. HP: 40/44 MP: 7/7
  4499 | D:5      | Got a warped mace
  4547 | D:5      | Reached skill level 1 in Evocations
  4867 | D:5      | Reached skill level 5 in Fighting
  4955 | D:5      | Reached XP level 8. HP: 49/49 MP: 9/9
  5541 | D:6      | Noticed a yak
  5542 | D:6      | Noticed a yak
  5703 | D:6      | Reached skill level 6 in Fighting
  5823 | D:6      | Reached ** piety under Hepliaklqana
  5824 | D:6      | Remembered your ancestor TacoBell as a hexer
  5834 | D:6      | Reached skill level 5 in Dodging
  5909 | D:6      | Noticed a yak
  5910 | D:6      | Noticed a yak
  5911 | D:6      | Noticed a yak
  5942 | D:6      | Killed a yak
  5951 | D:6      | Killed a yak
  5951 | D:6      | Reached XP level 9. HP: 56/56 MP: 11/11
  5953 | D:6      | Reached skill level 5 in Staves
  6232 | D:6      | Reached skill level 7 in Fighting
  6232 | D:6      | Reached skill level 5 in Throwing
  6259 | D:6      | Slain by a killer bee

Skill      XL: |  1  2  3  4  5  6  7  8  9 |
---------------+----------------------------+-----
Fighting       | 3 4 5 6 7 |  7.0
Polearms       | 4 |  4.6
Throwing       | 3 4 5 |  5.0
Staves         | 2 3 4 5 |  5.4
Dodging        | 4 5 |  5.5
Evocations     | 1 3 |  3.8

Action                   |  1- 3 |  4- 6 |  7- 9 || total
-------------------------+-------+-------+-------++-------
Melee: Trident           |    54 |    89 |       ||   143
       Tentacles         |    19 |    16 |    20 ||    55
       Constrict         |     6 |    23 |    14 ||    43
       Lajatang          |       |    37 |    94 ||   131
Throw: Throwing net      |       |     3 |       ||     3
Invok: Ancestor Identity |       |     1 |       ||     1
       Recall Ancestor   |       |     1 |       ||     1
       Ancestor Life: He |       |       |     1 ||     1
  Use: Scroll            |     1 |     2 |     9 ||    12
       Potion            |     1 |     1 |       ||     2
 Stab: Sleeping          |     6 |     8 |     3 ||    17
       Distracted        |       |     1 |       ||     1
       Confused          |       |       |     1 ||     1
  Eat: Beef jerky        |     1 |       |       ||     1
       Fruit             |       |     8 |       ||     8
       Chunk             |       |     6 |     3 ||     9
       Pizza             |       |     1 |       ||     1
       Royal jelly       |       |       |     1 ||     1
Armor: Skin              |     2 |     7 |     3 ||    12
Dodge: Dodged            |    18 |    47 |    41 ||   106
Block: Other             |       |     6 |     7 ||    13
